Map: Cyber Forest LE

Players

Neeb - Winner!

  • Race: Protoss Protoss
  • League: Master
  • Spawn Location: 11:00

MaSa

  • Race: Terran Terran
  • League: Master
  • Spawn Location: 5:00

Event: 2019 WCS Winter Americas

VOD

Have the link to the VOD?

Description

Time

  • Played on: April 6, 2019, 4:11 p.m.
  • Length: 14:07

All games in this series

Show
View Real Time Build Order
Export as new Build Order

Neeb Protoss - Winner!

Build Orders: Blink Stalkers 

Get SALT Encoding   

  12  0:00  Probe  
  13  0:12  Probe  
  14  0:18  Pylon  
  14  0:24  Probe  
  15  0:32  Probe  
  15  0:36  Gateway  
  15  0:40  Probe  
  16  0:46  Assimilator  
  17  0:51  Probe  
  18  1:03  Probe  
  19  1:15  Zealot, Probe  
  20  1:22  Pylon  
  20  1:24  Cybernetics Core  
  22  1:27  Probe  
  23  1:48  Nexus  
  23  1:55  Adept  
  25  2:05  Probe  
  25  2:06  Assimilator  
  25  2:16  Warp Gate  
  25  2:17  Probe  
  25  2:21  Stalker  
  29  2:30  Probe  
  29  2:42  Probe  
  30  2:44  Twilight Council  
  30  2:54  Probe  
  31  3:00  Stalker  
  31  3:01  Probe  
  34  3:06  Probe  
  35  3:13  Probe  
  35  3:15  Blink  
  35  3:18  Probe  
  37  3:21  Gateway x2  
  37  3:25  Probe  
  38  3:30  Probe  
  35  3:37  Probe  
  35  3:39  Robotics Facility  
  36  3:42  Probe  
  36  3:45  Pylon  
  37  3:48  Probe  
  37  3:54  Probe  
  39  3:55  Shield Battery  
  39  3:56  Probe  
  39  4:01  Pylon  
  40  4:04  Probe  
  40  4:06  Stalker, Probe  
  44  4:16  Stalker, Probe  
  47  4:18  Probe  
  47  4:20  Stalker, Observer  
  50  4:24  Assimilator  
  50  4:26  Assimilator  
  50  4:28  Probe  
  52  4:32  Probe  
  52  4:36  Pylon  
  52  4:37  Stalker  
  55  4:41  Probe  
  55  4:43  Pylon  
  55  4:44  Probe  
  57  4:46  Observer  
  58  4:53  Probe  
  58  4:56  Stalker, Probe  
  58  4:57  Stalker  
  64  5:03  Stalker  
  64  5:06  Probe  
  67  5:09  Pylon  
  67  5:15  Charge  
  67  5:19  Stalker  
  69  5:33  Nexus  
  69  5:36  Robotics Bay  
  69  5:43  Probe  
  69  5:44  Probe  
  69  5:46  Forge  
  71  5:55  Stalker x2  
  73  6:02  Probe  
  73  6:03  Probe  
  73  6:07  Sentry  
  74  6:13  Colossus  
  74  6:14  Probe  
  74  6:15  Gateway  
  74  6:16  Gateway  
  76  6:19  Sentry x2  
  76  6:22  Gateway  
  83  6:36  Stalker  
  83  6:38  Pylon, Shield Battery  
  83  6:40  Shield Battery  
  83  6:41  Shield Battery  
  83  6:51  Stalker x2  
  87  6:56  Colossus  
  87  7:02  Stalker  
  95  7:11  Zealot x2  
  95  7:18  Zealot x2  
  95  7:22  Zealot  
  97  7:34  Zealot x3  
  97  7:35  Protoss Ground Armor Level 1  
  101  7:41  Colossus  
  101  7:43  Pylon  
  97  7:52  Stalker  
  97  7:53  Stalker  
  95  7:59  Zealot x4  
  77  8:21  Probe x2  
  77  8:22  Stalker x4  
  77  8:23  Stalker x2  
  77  8:25  Warp Prism  
  92  8:30  Gateway  
  92  8:32  Gateway  
  93  8:43  Observer  
  93  8:47  Zealot x5  
  103  8:51  Sentry  
  105  8:59  Pylon  
  105  9:08  Nexus  
  103  9:16  Zealot x4  
  109  9:22  Stalker  
  109  9:23  Stalker  
  89  9:45  Stalker x3  
  89  9:46  Stalker x5  
  93  9:56  Protoss Ground Armor Level 2  
  79  10:02  Observer  
  67  10:11  Zealot x8  
  73  10:15  Probe x3  
  73  10:19  Probe  
  77  10:27  Probe  
  80  10:32  Observer  
  80  10:33  Sentry x3  
  80  10:34  Stalker x3, Observer  
  80  10:35  Stalker  
  93  10:36  Colossus  
  93  10:40  Stalker  
  101  10:59  Stalker  
  101  11:00  Stalker x2, Zealot  
  109  11:04  Probe x3  
  112  11:15  Assimilator, Probe  
  112  11:16  Probe x3  
  112  11:18  Assimilator  
  115  11:31  Zealot x5  
  115  11:32  Zealot x3  
  132  11:35  Colossus  
  131  11:42  Pylon  
  131  11:44  Pylon  
  131  11:47  Observer  
  127  11:58  Zealot x3  
  131  12:02  Pylon  
  131  12:03  Zealot x5  
  141  12:22  Zealot x3  
  133  12:23  Zealot x5  
  133  12:24  Colossus  
  107  12:43  Stalker x7  
Show
View Real Time Build Order
Export as new Build Order

MaSa Terran 

Build Orders:  

Get SALT Encoding   

  12  0:00  SCV  
  13  0:12  SCV  
  14  0:17  Supply Depot  
  14  0:24  SCV  
  15  0:38  SCV  
  15  0:39  Barracks  
  16  0:44  Refinery  
  16  0:50  SCV  
  17  1:02  SCV  
  18  1:15  SCV  
  19  1:25  Marine  
  19  1:27  Orbital Command  
  20  1:41  Command Center  
  20  1:46  Barracks Reactor  
  20  1:52  Supply Depot  
  20  1:54  SCV  
  21  2:06  SCV  
  22  2:11  Factory  
  22  2:18  SCV  
  22  2:22  Refinery, Marine  
  23  2:23  Marine  
  25  2:30  SCV  
  26  2:41  Supply Depot, Marine  
  26  2:42  SCV  
  28  2:54  Factory Tech Lab  
  28  2:55  Barracks  
  28  2:56  Marine  
  30  2:58  Marine  
  30  3:02  Supply Depot  
  30  3:03  SCV  
  31  3:14  Marine  
  31  3:16  Cyclone  
  36  3:20  SCV  
  33  3:30  Marine  
  33  3:32  Orbital Command, Marine  
  34  3:38  SCV  
  34  3:47  Barracks Tech Lab  
  37  3:48  Siege Tank  
  37  3:50  Marine  
  37  3:51  SCV, Marine  
  40  3:58  SCV  
  41  4:03  SCV  
  41  4:07  Starport, Marine  
  41  4:08  Marine  
  44  4:10  SCV  
  44  4:15  SCV  
  46  4:22  SCV  
  46  4:23  Siege Tank  
  50  4:27  SCV, Marine  
  50  4:28  Supply Depot  
  50  4:30  Marine  
  53  4:35  Stimpack  
  53  4:36  SCV  
  54  4:38  Marine  
  54  4:42  SCV  
  54  4:45  Marine, Refinery  
  56  4:47  Starport Reactor  
  56  4:48  SCV  
  58  4:54  Barracks  
  58  4:56  SCV  
  59  5:01  Siege Tank  
  59  5:05  Engineering Bay  
  59  5:06  Marine  
  63  5:08  Marine  
  63  5:09  Marine  
  65  5:14  SCV  
  65  5:15  SCV  
  65  5:19  Supply Depot  
  65  5:20  Supply Depot  
  67  5:24  Marine  
  67  5:26  Marine  
  67  5:27  Marine  
  70  5:33  Terran Infantry Weapons Level 1, Supply Depot  
  70  5:40  SCV  
  70  5:41  SCV  
  70  5:42  Refinery, Barracks Tech Lab, Marine  
  73  5:43  Medivac x2  
  73  5:44  Marine  
  73  5:48  Marauder  
  74  5:53  SCV x2  
  74  5:55  Supply Depot  
  74  5:57  Liberator  
  75  5:59  Marine  
  73  6:05  SCV x2  
  73  6:10  Marauder  
  77  6:14  Marine  
  77  6:15  Marine  
  77  6:17  SCV, Marine  
  83  6:21  SCV  
  82  6:29  SCV, Siege Tank  
  82  6:31  Marauder  
  82  6:32  Marine x2  
  86  6:33  SCV  
  86  6:35  Marine  
  89  6:44  Supply Depot  
  89  6:46  SCV x2  
  91  6:50  Marine  
  91  6:51  Marauder  
  91  6:52  Marine  
  91  6:53  Marine  
  94  7:00  Bunker  
  94  7:05  SCV  
  94  7:07  Supply Depot  
  94  7:08  Supply Depot, Marine  
  92  7:10  Marine  
  92  7:13  Marine  
  92  7:14  Marauder, SCV  
  93  7:17  SCV  
  89  7:26  SCV, Marine  
  89  7:28  Marine  
  86  7:31  Bunker, Marine  
  86  7:32  Bunker  
  86  7:34  Marine  
  85  7:40  SCV  
  85  7:44  Terran Infantry Armor Level 1, Marine  
  87  7:45  Combat Shield, Marine  
  87  7:47  Siege Tank  
  87  7:49  Marine  
  90  7:52  Marine  
  78  7:58  SCV  
  78  8:01  Marine  
  78  8:04  Marauder  
  75  8:07  Marine  
  75  8:10  SCV  
  75  8:11  Marauder  
  72  8:19  Siege Tank, Marine  
  72  8:21  Medivac x2  
  72  8:24  Marine  
  72  8:25  Marine  
  72  8:26  Concussive Shells  
  78  8:28  Barracks x2  
  78  8:32  Marauder  
  79  8:34  Liberator x2  
  79  8:37  Marine  
  79  8:38  Missile Turret  
  80  8:42  Marine  
  80  8:43  Marauder  
  80  8:48  Supply Depot x2  
  83  8:53  Siege Tank, Marine  
  83  8:55  Marine  
  93  9:00  Marine, Supply Depot  
  94  9:04  Marauder  
  95  9:11  Marauder  
  95  9:13  Marine  
  79  9:17  Liberator  
  97  9:18  Marine  
  97  9:23  Marine x2  
  99  9:26  Marauder, Siege Tank  
  99  9:30  Marine  
  98  9:33  Marauder  
  98  9:36  Marine  
  92  9:41  Marine x2  
  83  9:47  Marauder  
  83  9:48  Marine  
  74  9:53  Marine  
  74  9:54  Marauder  
  74  9:59  Marine x2  
  66  10:06  Marine  
  59  10:08  Marauder  
  59  10:11  Marine  
  59  10:13  SCV  
  60  10:15  Marauder  
  60  10:17  Marine  
  60  10:19  Marine  
  64  10:25  Marine  
  64  10:27  Siege Tank  
  68  10:30  Marauder  
  68  10:33  Marine  
  68  10:35  SCV, Marine  
  72  10:36  SCV, Marine  
  72  10:37  Marine  
  76  10:43  Marine  
  76  10:44  Medivac  
  76  10:48  SCV  
  80  10:50  Marine  
  80  10:51  Marine  
  80  10:52  Marine  
  80  10:54  Marine  
  80  10:55  Marine  
  85  10:57  Supply Depot  
  85  10:58  SCV  
  85  11:01  Liberator, Marine  
  87  11:06  Siege Tank  
  87  11:08  Marine  
  87  11:09  Marauder  
  87  11:10  Marine  
  94  11:14  Marine x2  
  99  11:19  Marine  
  100  11:26  Marine  
  100  11:28  Marine  
  100  11:30  Marauder  
  100  11:32  Marine x2  
  106  11:36  Marine  
  106  11:44  Marine  
  103  11:48  Marine  
  103  11:50  Marine  
  91  11:57  Marine x2  
  92  12:05  Marine  
  93  12:10  Marine  
  93  12:11  Marine  
  85  12:29  Marauder, Marine x2  
  49  12:39  Marine x3  
Tags
 
Add a new tag
Caveats
  • Supply blocks, unpowered buildings, or Contaminate may cause inaccurate times.
  • Supply counts are checked every 10 seconds.